TOP OF THE 1ST |
Oakland Athletics batting - Pitching for New York Yankees : LHP Francisco Rivas
|
Pitching: LHP Francisco Rivas
|
|
Batting: RHB Jeff Garofalo
|
0-0: Ball 1-0: Ball 2-0: Ball 3-0: Called Strike 3-1: Base on Balls
|
Batting: SHB Ryan Langlois
|
0-0: Ball 1-0: Called Strike 1-1: Ball 2-1: Foul Ball, location: 2F 2-2: Ball 3-2: Base on Balls Jeff Garofalo to second
|
Batting: SHB Mark Rennie
|
0-0: Grounds into double play, 5-4-3 (Groundball, 56, EV 88.1 MPH) Jeff Garofalo to third
|
Batting: RHB Muneo Kawachi
|
0-0: Ball 1-0: Ball 2-0: Foul Ball, location: 2F 2-1: Swinging Strike 2-2: Fly out, F7 (Line Drive, 7D, EV 88.1 MPH)
|
Top of the 1st over - 0 runs, 0 hits, 0 errors, 1 left on base; Oakland 0 - New York 0 |
BOTTOM OF THE 1ST |
New York Yankees batting - Pitching for Oakland Athletics : RHP Taek-gyun Kym
|
Pitching: RHP Taek-gyun Kym
|
|
Batting: LHB Jason Peck
|
0-0: Ball 1-0: Called Strike 1-1: Ball 2-1: Called Strike 2-2: Strikes out swinging
|
Batting: RHB Russ Shambaugh
|
0-0: Foul Ball, location: 2F 0-1: Ball 1-1: Ball 2-1: Called Strike 2-2: Ball 3-2: Foul Ball, location: 2F 3-2: Foul Ball, location: 2F 3-2: Base on Balls
|
Batting: SHB Bartholomeu Chambino
|
0-0: Called Strike 0-1: Ball Wild Pitch! Russ Shambaugh to second 1-1: Foul Ball, location: 2F 1-2: Ground out 4-3 (Groundball, 34, EV 84.4 MPH) Russ Shambaugh to third
|
Batting: LHB Jim Skare
|
0-0: Fly out, F9 (Flyball, BS7, EV 112.5 MPH)
|
Bottom of the 1st over - 0 runs, 0 hits, 0 errors, 1 left on base; Oakland 0 - New York 0 |
TOP OF THE 2ND |
Oakland Athletics batting - Pitching for New York Yankees : LHP Francisco Rivas
|
Batting: LHB Nate Dean
|
0-0: Ball 1-0: Called Strike 1-1: Ball 2-1: Ball 3-1: Foul Ball, location: 2F 3-2: Foul Ball, location: 2F 3-2: Base on Balls
|
Batting: RHB Danny Miramontes
|
0-0: Ball 1-0: Swinging Strike 1-1: Foul Ball, location: 2F 1-2: Ball Nate Dean steals 2nd base 2-2: Foul Ball, location: 2F 2-2: Ball 3-2: 2-RUN HOME RUN (Line Drive, 9D, EV 100.0 MPH), Distance : 370 ft
|
Batting: RHB Sébastien Piat
|
0-0: Called Strike 0-1: DOUBLE (Groundball, 3L, EV 94.4 MPH)
|
Batting: RHB Danny Murillo
|
0-0: Ball 1-0: Ball 2-0: Fly out, F8 (Flyball, 89D, EV 94.4 MPH) Runner from 2nd tags up, SAFE at 3rd, no throw by CF
|
Batting: RHB Bernie Varela
|
0-0: Called Strike 0-1: Ball Steal of home, Sébastien Piat is out 1-1: Ball 2-1: Ball 3-1: Called Strike 3-2: DOUBLE (Flyball, 8RXD, EV 99.4 MPH)
|
Batting: RHB Jeff Garofalo
|
0-0: Called Strike 0-1: Ball 1-1: Called Strike Bernie Varela steals 3rd base 1-2: Ball 2-2: Foul Ball, location: 2F 2-2: Ground out 5-3 (Groundball, 15, EV 79.4 MPH)
|
Top of the 2nd over - 2 runs, 3 hits, 0 errors, 1 left on base; Oakland 2 - New York 0 |
BOTTOM OF THE 2ND |
New York Yankees batting - Pitching for Oakland Athletics : RHP Taek-gyun Kym
|
Batting: LHB David Bramble
|
0-0: Called Strike 0-1: Ground out 4-3 (Groundball, 4, EV 79.4 MPH)
|
Batting: LHB Yao-pang Tien
|
0-0: Called Strike 0-1: TRIPLE (Line Drive, 89XD, EV 105.0 MPH)
|
Batting: RHB James Boynton
|
0-0: Swinging Strike 0-1: Foul Ball, location: 2F 0-2: Strikes out looking
|
Batting: RHB Sean Neuroth
|
0-0: Ground out 6-3 (Groundball, 56, EV 89.4 MPH)
|
Bottom of the 2nd over - 0 runs, 1 hit, 0 errors, 1 left on base; Oakland 2 - New York 0 |
TOP OF THE 3RD |
Oakland Athletics batting - Pitching for New York Yankees : LHP Francisco Rivas
|
Batting: SHB Ryan Langlois
|
0-0: Ball 1-0: Swinging Strike 1-1: Swinging Strike 1-2: Strikes out swinging
|
Pitching: RHP Edwin Espinal
|
|
Batting: SHB Mark Rennie
|
0-0: Foul Ball, location: 2F 0-1: Ball 1-1: TRIPLE (Groundball, 3L, EV 100.0 MPH)
|
Batting: RHB Muneo Kawachi
|
0-0: Swinging Strike 0-1: Ball 1-1: Foul Ball, location: 2F 1-2: Ball 2-2: Ground out 4-3 (Groundball, 34, EV 81.3 MPH) Mark Rennie scores
|
Batting: LHB Nate Dean
|
0-0: Ball 1-0: Called Strike 1-1: Foul Ball, location: 2F 1-2: Ball 2-2: Ball 3-2: SINGLE (Line Drive, 4M, EV 101.9 MPH)
|
Batting: RHB Danny Miramontes
|
0-0: Called Strike 0-1: Ball 1-1: Ball 2-1: Ball 3-1: Base on Balls Nate Dean to second
|
Batting: RHB Sébastien Piat
|
0-0: Ball 1-0: Called Strike 1-1: Fly out, F5 (Flyball, 5D, EV 95.6 MPH)
|
Top of the 3rd over - 1 run, 2 hits, 0 errors, 2 left on base; Oakland 3 - New York 0 |
BOTTOM OF THE 3RD |
New York Yankees batting - Pitching for Oakland Athletics : RHP Taek-gyun Kym
|
Batting: LHB Brad Ritter
|
0-0: Called Strike 0-1: Called Strike 0-2: Foul Ball, location: 2F 0-2: Ball 1-2: Ball 2-2: Strikes out looking
|
Batting: LHB Jason Peck
|
0-0: Called Strike 0-1: Ball 1-1: Called Strike 1-2: Foul Ball, location: 2F 1-2: Fly out, F7 (Flyball, 78S, EV 81.9 MPH)
|
Batting: RHB Russ Shambaugh
|
0-0: Swinging Strike 0-1: Ground out 6-3 (Groundball, 6, EV 88.8 MPH)
|
Bottom of the 3rd over - 0 runs, 0 hits, 0 errors, 0 left on base; Oakland 3 - New York 0 |
TOP OF THE 4TH |
Oakland Athletics batting - Pitching for New York Yankees : RHP Edwin Espinal
|
Batting: RHB Danny Murillo
|
0-0: Ground out 4-3 (Groundball, 4M, EV 100.0 MPH)
|
Batting: RHB Bernie Varela
|
0-0: Called Strike 0-1: Ball 1-1: Fly out, F6 (Popup, 6MD, EV 51.3 MPH)
|
Batting: RHB Jeff Garofalo
|
0-0: Foul Ball, location: 2F 0-1: Called Strike 0-2: Strikes out swinging
|
Top of the 4th over - 0 runs, 0 hits, 0 errors, 0 left on base; Oakland 3 - New York 0 |
BOTTOM OF THE 4TH |
New York Yankees batting - Pitching for Oakland Athletics : RHP Taek-gyun Kym
|
Batting: SHB Bartholomeu Chambino
|
0-0: Foul Ball, location: 2F 0-1: Foul Ball, location: 2F 0-2: Foul Ball, location: 2F 0-2: Foul Ball, location: 2F 0-2: Foul Ball, location: 2F 0-2: Ball 1-2: Fly out, F9 (Line Drive, 8RM, EV 106.9 MPH)
|
Batting: LHB Jim Skare
|
0-0: Ball 1-0: Ball 2-0: Ball 3-0: Base on Balls
|
Pitching: RHP Lee Ott
|
|
Batting: LHB David Bramble
|
0-0: Grounds into double play, 4-6-3 (Groundball, 4, EV 88.8 MPH)
|
Bottom of the 4th over - 0 runs, 0 hits, 0 errors, 0 left on base; Oakland 3 - New York 0 |
TOP OF THE 5TH |
Oakland Athletics batting - Pitching for New York Yankees : RHP Edwin Espinal
|
Batting: SHB Ryan Langlois
|
0-0: Called Strike 0-1: Swinging Strike 0-2: Ball 1-2: Ground out 6-3 (Groundball, 6, EV 88.1 MPH)
|
Batting: SHB Mark Rennie
|
0-0: Called Strike 0-1: Called Strike 0-2: Foul Ball, location: 2F 0-2: Ball 1-2: SINGLE (Line Drive, 8LS, EV 96.9 MPH)
|
Batting: RHB Muneo Kawachi
|
0-0: Ball Mark Rennie steals 2nd base 1-0: Fly out, F8 (Flyball, 78S, EV 89.4 MPH)
|
Batting: LHB Nate Dean
|
0-0: Ball 1-0: Ball 2-0: Ball 3-0: Called Strike 3-1: Base on Balls
|
Batting: RHB Danny Miramontes
|
0-0: Called Strike 0-1: Ball 1-1: Ball 2-1: Foul Ball, location: 2F 2-2: Foul Ball, location: 2F 2-2: Foul Ball, location: 2F 2-2: DOUBLE (Line Drive, 7LM, EV 106.9 MPH) Mark Rennie scores Nate Dean to third Runner from 3rd tries for Home, SAFE, no throw by LF
|
Pitching: RHP Travis Tate
|
|
Batting: RHB Sébastien Piat
|
0-0: Ball 1-0: Ball 2-0: Ball 3-0: Base on Balls
|
Batting: RHB Danny Murillo
|
0-0: Called Strike 0-1: DOUBLE (Flyball, 8LXD, EV 100.0 MPH) Danny Miramontes scores Sébastien Piat to third Runner from 3rd tries for Home, SAFE, throw by CF to home
|
Batting: RHB Bernie Varela
|
0-0: Ground out U3 (Groundball, 34S, EV 84.4 MPH)
|
Top of the 5th over - 4 runs, 3 hits, 0 errors, 1 left on base; Oakland 7 - New York 0 |
BOTTOM OF THE 5TH |
New York Yankees batting - Pitching for Oakland Athletics : RHP Lee Ott
|
Batting: LHB Yao-pang Tien
|
0-0: Ball 1-0: Ball 2-0: Ground out 5-3 (Groundball, 56, EV 76.9 MPH)
|
Batting: RHB James Boynton
|
0-0: Fly out, F9 (Line Drive, 9, EV 93.1 MPH)
|
Batting: RHB Sean Neuroth
|
0-0: Called Strike 0-1: Ball 1-1: Ball 2-1: Fly out, F9 (Flyball, 89M, EV 80.0 MPH)
|
Bottom of the 5th over - 0 runs, 0 hits, 0 errors, 0 left on base; Oakland 7 - New York 0 |
TOP OF THE 6TH |
Oakland Athletics batting - Pitching for New York Yankees : RHP Travis Tate
|
Batting: RHB Jeff Garofalo
|
0-0: Called Strike 0-1: Foul Ball, location: 2F 0-2: Strikes out looking
|
Pinch Hitting: SHB Quincy Bradford
|
0-0: Ball 1-0: Ball 2-0: Called Strike 2-1: Ground out 4-3 (Groundball, 4, EV 84.4 MPH)
|
Pinch Hitting: RHB Philip Jansen
|
0-0: Ball 1-0: Ball 2-0: Ball 3-0: Called Strike 3-1: Swinging Strike 3-2: Base on Balls
|
Batting: RHB Muneo Kawachi
|
0-0: Called Strike Philip Jansen steals 2nd base 0-1: Ball 1-1: Reached on error, E9 (Flyball, 89D, EV 81.3 MPH) Philip Jansen scores
|
Pinch Hitting: SHB Greg Prime
|
0-0: Ball 1-0: Called Strike Muneo Kawachi steals 3rd base (no throw) 1-1: Called Strike 1-2: Foul Ball, location: 2F 1-2: Ball 2-2: Ground out 4-3 (Groundball, 4, EV 105.6 MPH)
|
Top of the 6th over - 1 run, 0 hits, 1 error, 1 left on base; Oakland 8 - New York 0 |
BOTTOM OF THE 6TH |
New York Yankees batting - Pitching for Oakland Athletics : RHP Lee Ott
|
Now at 2B: Greg Prime
|
|
Now at SS: Quincy Bradford
|
|
Now in LF: Philip Jansen
|
|
Batting: LHB Brad Ritter
|
0-0: Ball 1-0: Fly out, F9 (Flyball, 9S, EV 91.9 MPH)
|
Batting: LHB Jason Peck
|
0-0: Called Strike 0-1: Ball 1-1: SOLO HOME RUN (Flyball, 89XD, EV 103.1 MPH), Distance : 415 ft
|
Batting: RHB Russ Shambaugh
|
0-0: Called Strike 0-1: Ball 1-1: Foul Ball, location: 2F 1-2: SINGLE (Groundball, P, EV 90.0 MPH) (infield hit)
|
Batting: SHB Bartholomeu Chambino
|
0-0: Ball 1-0: Ball 2-0: Ball 3-0: Base on Balls Russ Shambaugh to second
|
Pitching: LHP David Hoch
|
|
Batting: LHB Jim Skare
|
0-0: Ball 1-0: Ball 2-0: Called Strike 2-1: Foul Ball, location: 2F 2-2: Foul Ball, location: 2F 2-2: Fly out, F9 (Flyball, 9, EV 90.6 MPH)
|
Pinch Hitting: RHB C.J. Richerson
|
0-0: Called Strike 0-1: Called Strike 0-2: Fielders Choice at 2nd, 6-4 (Groundball, 6, EV 87.5 MPH)
|
Bottom of the 6th over - 1 run, 2 hits, 0 errors, 2 left on base; Oakland 8 - New York 1 |
TOP OF THE 7TH |
Oakland Athletics batting - Pitching for New York Yankees : RHP Travis Tate
|
Pitching: RHP Jason Greene
|
|
Now in RF: Jordan de Jesus
|
|
Batting: LHB Tommy King
|
0-0: Ground out U3 (Groundball, 34S, EV 85.0 MPH)
|
Batting: RHB Sébastien Piat
|
0-0: Foul Ball, location: 2F 0-1: Ball 1-1: TRIPLE (Flyball, 7LD, EV 108.1 MPH)
|
Batting: RHB Danny Murillo
|
0-0: SINGLE (Line Drive, 89S, EV 95.6 MPH) Sébastien Piat scores
|
Pinch Hitting: RHB Luis Restrepo
|
0-0: Called Strike 0-1: Swinging Strike 0-2: Foul Ball, location: 2F 0-2: Ball 1-2: Foul Ball, location: 2F 1-2: Fly out, F9 (Flyball, 9, EV 95.6 MPH)
|
Pinch Hitting: LHB Sakae Kasahara
|
0-0: Ball 1-0: Ball 2-0: Called Strike 2-1: Foul Ball, location: 2F 2-2: Foul Ball, location: 2F 2-2: Ball 3-2: Foul Ball, location: 2F 3-2: Base on Balls Danny Murillo to second
|
Batting: SHB Quincy Bradford
|
0-0: Ball 1-0: Ball 2-0: Called Strike 2-1: Ball 3-1: Foul Ball, location: 2F 3-2: Strikes out swinging
|
Top of the 7th over - 1 run, 2 hits, 0 errors, 2 left on base; Oakland 9 - New York 1 |
BOTTOM OF THE 7TH |
New York Yankees batting - Pitching for Oakland Athletics : LHP David Hoch
|
Now at 1B: Sakae Kasahara
|
|
Now at 3B: Luis Restrepo
|
|
Pinch Hitting: RHB Kai Bellow
|
0-0: Ball 1-0: Swinging Strike 1-1: Swinging Strike 1-2: Ball 2-2: Foul Ball, location: 2F 2-2: Strikes out swinging
|
Pinch Hitting: RHB Devon Utley
|
0-0: Ball 1-0: Called Strike 1-1: Ball 2-1: SINGLE (Groundball, 6, EV 95.6 MPH)
|
Batting: RHB Sean Neuroth
|
0-0: Ball 1-0: Ball 2-0: Ball 3-0: Base on Balls Devon Utley to second
|
Pitching: RHP Mike Staley
|
|
Batting: LHB Brad Ritter
|
0-0: Ball Devon Utley steals 3rd base Sean Neuroth to second 1-0: Foul Ball, location: 2F 1-1: SINGLE (Groundball, 4MD, EV 94.4 MPH) Devon Utley scores Sean Neuroth to third Runner from 3rd tries for Home, SAFE, throw by CF to home Brad Ritter to second
|
Pinch Hitting: RHB Jarrod Joyce
|
0-0: Ball 1-0: Hit by Pitch
|
Pinch Hitting: SHB Victor Ruiz
|
0-0: Called Strike 0-1: Fly out, F7 (Flyball, 7LS, EV 80.6 MPH)
|
Pinch Hitting: RHB Bobby Melillo
|
0-0: Ball 1-0: Ball 2-0: Foul Ball, location: 2F 2-1: SINGLE (Groundball, 4MD, EV 95.6 MPH) Brad Ritter to third Jarrod Joyce to second Runner from 3rd tries for Home, SAFE, throw by CF to home
|
Batting: LHB Kazuyoshi Nakamura
|
0-0: Ball 1-0: Ball 2-0: Swinging Strike 2-1: Ball 3-1: SINGLE (Groundball, 4, EV 93.8 MPH) Jarrod Joyce to third Bobby Melillo to second Runner from 3rd tries for Home, SAFE, throw by CF to home Bobby Melillo to third Kazuyoshi Nakamura to second
|
Batting: LHB Jordan de Jesus
|
0-0: Ball 1-0: Ball 2-0: Ball 3-0: Base on Balls
|
Pitching: LHP Josh Thorpe
|
|
Batting: RHB Kai Bellow
|
0-0: Ball 1-0: Called Strike 1-1: Called Strike 1-2: Fly out, F8 (Flyball, 89D, EV 101.9 MPH)
|
Bottom of the 7th over - 4 runs, 4 hits, 0 errors, 3 left on base; Oakland 9 - New York 5 |
TOP OF THE 8TH |
Oakland Athletics batting - Pitching for New York Yankees : RHP Jason Greene
|
Now at 1B: Kai Bellow
|
|
Now at 3B: Jarrod Joyce
|
|
Now at SS: Jordan de Jesus
|
|
Now in LF: Victor Ruiz
|
|
Now in CF: Evan Torraville
|
|
Now in RF: Bobby Melillo
|
|
Batting: RHB Philip Jansen
|
0-0: SOLO HOME RUN (Flyball, 7D, EV 105.6 MPH), Distance : 421 ft
|
Batting: RHB Muneo Kawachi
|
0-0: Ball 1-0: Ball 2-0: Ball 3-0: Called Strike 3-1: SINGLE (Line Drive, 6MD, EV 108.1 MPH)
|
Batting: SHB Greg Prime
|
0-0: Ball 1-0: Called Strike 1-1: Swinging Strike 1-2: Foul Ball, location: 2F 1-2: Fly out, F5 (Popup, 56, EV 77.5 MPH)
|
Batting: LHB Tommy King
|
Pickoff Throw to First - Error! E1 Muneo Kawachi to second 0-0: Ball 1-0: Called Strike 1-1: Ground out 6-3 (Groundball, 6M, EV 85.0 MPH) Muneo Kawachi to third
|
Batting: RHB Sébastien Piat
|
0-0: SINGLE (Groundball, 25, EV 61.3 MPH) (infield hit) Muneo Kawachi scores
|
Pitching: RHP Tony Black
|
|
Batting: RHB Danny Murillo
|
0-0: Ball 1-0: Ball 2-0: Ball Wild Pitch! Sébastien Piat to second 3-0: Called Strike 3-1: Called Strike 3-2: Foul Ball, location: 2F 3-2: Foul Ball, location: 2F 3-2: Base on Balls
|
Batting: RHB Luis Restrepo
|
0-0: Foul Ball, location: 2F 0-1: Called Strike 0-2: Ball 1-2: Strikes out swinging
|
Top of the 8th over - 2 runs, 3 hits, 1 error, 2 left on base; Oakland 11 - New York 5 |
BOTTOM OF THE 8TH |
New York Yankees batting - Pitching for Oakland Athletics : LHP Josh Thorpe
|
Batting: LHB Evan Torraville
|
0-0: Called Strike 0-1: Foul Ball, location: 2F 0-2: Strikes out swinging
|
Pinch Hitting: LHB Joel Vera
|
0-0: Ball 1-0: Ground out 4-3 (Groundball, 4S, EV 87.5 MPH)
|
Batting: LHB Brad Ritter
|
0-0: Ball 1-0: Fly out, F7 (Flyball, 7, EV 86.9 MPH)
|
Bottom of the 8th over - 0 runs, 0 hits, 0 errors, 0 left on base; Oakland 11 - New York 5 |
TOP OF THE 9TH |
Oakland Athletics batting - Pitching for New York Yankees : RHP Tony Black
|
Now at 2B: Joel Vera
|
|
Batting: LHB Sakae Kasahara
|
0-0: Ball 1-0: Foul Ball, location: 2F 1-1: SOLO HOME RUN (Flyball, 9D, EV 93.8 MPH), Distance : 375 ft
|
Batting: SHB Quincy Bradford
|
0-0: Called Strike 0-1: Called Strike 0-2: Ball 1-2: Ball 2-2: Strikes out swinging
|
Batting: RHB Philip Jansen
|
0-0: Ball 1-0: Ball 2-0: Ball 3-0: Called Strike 3-1: Foul Ball, location: 2F 3-2: Base on Balls
|
Batting: RHB Muneo Kawachi
|
0-0: Called Strike 0-1: Grounds into double play, 1-4-3 (Groundball, P, EV 71.3 MPH)
|
Top of the 9th over - 1 run, 1 hit, 0 errors, 0 left on base; Oakland 12 - New York 5 |
BOTTOM OF THE 9TH |
New York Yankees batting - Pitching for Oakland Athletics : LHP Josh Thorpe
|
Batting: RHB Jarrod Joyce
|
0-0: Called Strike 0-1: Ball 1-1: Fly out, F6 (Flyball, 56D, EV 91.3 MPH)
|
Batting: SHB Victor Ruiz
|
0-0: Foul Ball, location: 2F 0-1: Foul Ball, location: 2F 0-2: Ball 1-2: Foul Ball, location: 2F 1-2: Foul Ball, location: 2F 1-2: Strikes out swinging
|
Batting: RHB Bobby Melillo
|
0-0: Ball 1-0: Foul Ball, location: 2F 1-1: Foul Ball, location: 2F 1-2: Fly out, F7 (Line Drive, 7D, EV 91.9 MPH)
|
Bottom of the 9th over - 0 runs, 0 hits, 0 errors, 0 left on base; Oakland 12 - New York 5 |
|